[Event "FIDE WSTC Open 50 2025"]
[Site "Prague"]
[Date "2025.02.21"]
[Round "5.29"]
[White "Zimmermann, Luc"]
[Black "Wang, Pin"]
[Result "1/2-1/2"]
[Annotator "TA"]
[ECO "B15"]
[WhiteElo "2177"]
[BlackElo "2389"]
[PlyCount "27"]
[EventDate "2025.02.17"]
[EventType "team-tourn"]
[EventCountry "CZE"]
[SourceTitle "playchess.com"]
[Source "ChessBase"]
[SourceQuality "1"]
[TimeControl "40/5400+30:1800+30"]

1. e4 c6 2. d4 d5 3. Nc3 dxe4 4. Nxe4 Nf6 5. Nxf6+ exf6 6. Be3 Bd6 {[%emt 0:04:51] B15: Caro-Kann: 3 Nc3: 3...g6 and 3...dxe4 4 Nxe4 Nf6 5 Nxf6+ exf6.} 7. Bd3 O-O 8. Ne2 Na6 9. c4 Re8 10. O-O Nc7 {[%emt 0:00:42] The position is equal.} 11. Qc2 g6 12. Rad1 Bd7 $146 (12... Be6 13. Nc3 Bf8 14. Bf4 Rc8 15. Rfe1 Qd7 16. Ne4 Qd8 17. Nc5 b6 18. Ne4 h6 {1-0 So,W (2772)-Caruana,F (2791) Speed Chess Chess.com INT blitz 2021 (2.31)}) 13. Qc1 Qb8 14. c5 {[%emt 0:21:36] Not much happened in this game.   Weighted Error Value: White=0.13 (very precise) /Black=0.08 (flawless)   OK:         	White=1     	---        Best:        	---       	Black=1} 1/2-1/2

[Event "FIDE WSTC Open 50 2025"]
[Site "Prague"]
[Date "2025.02.21"]
[Round "5.30"]
[White "Ning, Chunhong"]
[Black "Van der Zwet, Bart"]
[Result "1/2-1/2"]
[Annotator "RC"]
[ECO "B15"]
[WhiteElo "2257"]
[BlackElo "1998"]
[PlyCount "71"]
[EventDate "2025.02.17"]
[EventType "team-tourn"]
[EventCountry "CZE"]
[SourceTitle "playchess.com"]
[Source "ChessBase"]
[SourceQuality "1"]
[TimeControl "40/5400+30:1800+30"]

1. e4 c6 2. d4 d5 3. Nc3 dxe4 4. Nxe4 Nf6 5. Nxf6+ exf6 6. Nf3 Bd6 7. Be2 O-O 8. O-O Re8 9. Re1 Nd7 10. Bd3 Nf8 11. Rxe8 Qxe8 12. h3 Be6 13. Bd2 Qd7 14. Qe2 Re8 15. Re1 Re7 16. Qd1 Bd5 17. c4 Rxe1+ 18. Bxe1 Be6 19. Bc3 Ng6 20. Nd2 Bb8 21. b3 Qd6 22. Nf1 Nf4 23. Be4 Ng6 24. Qc2 Qf4 25. g3 Qd6 26. Bf5 Qd7 27. Ne3 Ne7 28. Bxh7+ Kh8 29. Be4 f5 30. d5 fxe4 31. dxe6 Qxe6 32. Kg2 Nf5 33. Qd2 Bc7 34. Nxf5 Qxf5 35. Qd4 f6 36. Qe3 1/2-1/2

[Event "FIDE WSTC Open 50 2025"]
[Site "Prague"]
[Date "2025.02.21"]
[Round "5.32"]
[White "Liu, Shilan"]
[Black "Merx, Bob"]
[Result "1/2-1/2"]
[Annotator "NA"]
[ECO "C90"]
[WhiteElo "2093"]
[BlackElo "1968"]
[PlyCount "91"]
[EventDate "2025.02.17"]
[EventType "team-tourn"]
[EventCountry "CZE"]
[SourceTitle "playchess.com"]
[Source "ChessBase"]
[SourceQuality "1"]
[TimeControl "40/5400+30:1800+30"]

1. e4 e5 2. Nf3 Nc6 3. Bb5 a6 4. Ba4 Nf6 5. d3 b5 6. Bb3 Be7 7. O-O d6 8. c3 O-O 9. Re1 Nb8 10. Nbd2 Nbd7 11. d4 h6 12. Nf1 Re8 13. Ng3 Bf8 14. Bd2 Bb7 15. Bc2 g6 16. h3 Bg7 17. dxe5 dxe5 18. Be3 Bf8 19. Qc1 Kh7 20. Rd1 Qe7 21. b4 c5 22. a3 c4 23. a4 Red8 24. Rd2 Qe6 25. a5 Bc6 26. Nh2 Rac8 27. Nf3 Nb8 28. Rxd8 Rxd8 29. Bb6 Rc8 30. Qe3 Nbd7 31. Ba7 Qe8 32. Qe2 Ra8 33. Be3 Qc8 34. Re1 Qb7 35. Bc1 Re8 36. Nh2 Re6 37. h4 Ng8 38. h5 Ndf6 39. hxg6+ fxg6 40. Nf3 Re8 41. Rd1 Bd7 42. Nh2 Qc6 43. Qe3 Bd6 44. Qe2 Be6 45. Be3 Bc7 46. Rd2 1/2-1/2

[Event "FIDE WSTC Open 50 2025"]
[Site "Prague"]
[Date "2025.02.21"]
[Round "5.33"]
[White "Aagaard, Jacob"]
[Black "Sikorova, Olga"]
[Result "1-0"]
[Annotator "TA"]
[ECO "C18"]
[WhiteElo "2435"]
[BlackElo "2134"]
[PlyCount "117"]
[EventDate "2025.02.17"]
[EventType "team-tourn"]
[EventCountry "CZE"]
[SourceTitle "playchess.com"]
[Source "ChessBase"]
[SourceQuality "1"]
[TimeControl "40/5400+30:1800+30"]

1. e4 e6 2. d4 d5 3. Nc3 Bb4 4. e5 c5 5. a3 Bxc3+ 6. bxc3 Qa5 7. Bd2 Qa4 8. h4 {[%emt 0:00:15] C18: French: 3 Nc3 Bb4: Main line: 7 h4 and 7 Qg4.} Nc6 9. h5 h6 10. Qg4 {[%emt 0:00:37] The position is equal.} Kf8 11. Qd1 c4 12. Nf3 Bd7 13. Nh4 Nge7 14. g4 Ke8 15. Bh3 Kd8 $1 16. f4 g6 17. Be3 $146 (17. O-O Kc7 18. f5 g5 19. f6 Nc8 20. Nf3 Nb6 21. Nxg5 hxg5 22. Bxg5 Qa5 23. Bd2 {1-0 Pijpers,A (2483)-Sarrau,J (2406) NED-chT 2122 2021 (1.5)}) 17... Kc7 18. Kd2 gxh5 19. gxh5 Nf5 (19... Raf8 $11 {keeps the balance.}) 20. Bxf5 (20. Nxf5 $16 exf5 21. Rg1) 20... exf5 $11 21. Qf3 Be6 22. Bf2 Rag8 23. Ng2 Qa5 24. Rh2 {[%emt 0:10:37] White is weak on the light squares} Rg4 25. Ke2 (25. Kc1 $11 {should be considered.}) 25... Kd7 26. Kf1 (26. Be1 $5) 26... Rhg8 {[%emt 0:05:36] Black has strong rooks and is better} 27. Qe3 a6 28. Be1 Qb6 29. Qc1 Qa5 (29... Kc8 $15) 30. a4 (30. Qe3 $11) 30... Qd8 (30... Kc7 $15) 31. Qb2 Kc8 32. Rb1 Qc7 33. Bh4 Kb8 34. Qa3 (34. Kf2 $11) 34... Ka8 35. Qc5 Qa5 (35... Qd7 $15) 36. Qxa5 $1 $14 Nxa5 37. Kf2 Bd7 {[%emt 0:05:16] [#]} ({Black should try} 37... Nc6 $14) 38. Ra1 (38. Kf3 $1 $16) 38... Ka7 39. Kf3 b6 {[%emt 0:01:16] A mistake that costs the game.} (39... Re8 $14) 40. Ne3 $18 Rg1 $2 {[%emt 0:01:57] [#]} (40... Nc6 {is a better chance.} 41. Nxg4 (41. Nxd5 Nxd4+ 42. cxd4 Bc6 $17) 41... fxg4+ 42. Kg3 Bf5) 41. Rxg1 $1 {[%emt 0:31:18] White is clearly winning.} ({Not} 41. Rh1 Rxh1 42. Rxh1 Nc6 $16) 41... Rxg1 {[%emt 0:30:05][%cal Bg8g1,Bg1b1,Bb1b5][%mdl 32] [#]} 42. Bg5 $1 Be6 (42... Nc6 43. Bxh6) 43. Kf2 Rb1 44. Bxh6 b5 45. axb5 Rxb5 46. Bg7 Nc6 47. h6 Ne7 48. h7 Ng6 49. Rh6 Rb8 {[%emt 0:00:00] [#] Dodges Rxg6} 50. Rxg6 $1 fxg6 51. h8=Q Rxh8 52. Bxh8 {[%emt 0:00:00][%mdl 4096] Endgame} a5 53. Bf6 Kb7 54. Kg3 Kc7 55. Be7 Kd7 56. Bc5 {[%emt 0:00:00] aiming for Kh4.} Ke8 57. Kh4 Kf7 58. Kg5 {[%emt 0:00:00] Intending Kh6 and mate.} Kg7 59. Ng2 {[%emt 0:00:00] Weighted Error Value: White=0.13 (very precise) /Black=0.37  Mistake:       	White=5     	Black=7      Inaccurate:     	White=3     	Black=4      OK:         	White=14    	Black=7      Best:        	White=2     	Black=2      Strong:       	White=2     	Black=1      Brilliant:      	White=1     	---} 1-0

[Event "FIDE WSTC Open 50 2025"]
[Site "Prague"]
[Date "2025.02.21"]
[Round "5.34"]
[White "Folkova, Martina"]
[Black "Jaksland, Tim"]
[Result "1/2-1/2"]
[Annotator "NA"]
[ECO "C70"]
[WhiteElo "2031"]
[BlackElo "2143"]
[PlyCount "32"]
[EventDate "2025.02.17"]
[EventType "team-tourn"]
[EventCountry "CZE"]
[SourceTitle "playchess.com"]
[Source "ChessBase"]
[SourceQuality "1"]
[TimeControl "40/5400+30:1800+30"]

1. e4 e5 2. Nf3 Nc6 3. Bb5 a6 4. Ba4 Nge7 5. c3 Ng6 6. d4 exd4 7. cxd4 Bb4+ 8. Nc3 d5 9. exd5 Bxc3+ 10. bxc3 Qxd5 11. Qe2+ Qe6 12. Ba3 Qxe2+ 13. Kxe2 Bd7 14. Bb3 Na5 15. Rhe1 Nxb3 16. Kf1+ Be6 1/2-1/2

[Event "FIDE WSTC Open 50 2025"]
[Site "Prague"]
[Date "2025.02.21"]
[Round "5.36"]
[White "Cejkova, Miroslava"]
[Black "Nielsen, Niels-Peter"]
[Result "1/2-1/2"]
[Annotator "NA"]
[ECO "C03"]
[WhiteElo "1980"]
[BlackElo "2086"]
[PlyCount "35"]
[EventDate "2025.02.17"]
[EventType "team-tourn"]
[EventCountry "CZE"]
[SourceTitle "playchess.com"]
[Source "ChessBase"]
[SourceQuality "1"]
[TimeControl "40/5400+30:1800+30"]

1. e4 e6 2. d4 d5 3. Nd2 h6 4. c3 dxe4 5. Nxe4 Nf6 6. Nxf6+ Qxf6 7. Nf3 Bd6 8. Be3 Bd7 9. Qb3 O-O 10. Be2 Bc6 11. O-O Nd7 12. c4 b6 13. Rfd1 Rad8 14. Qc2 Qe7 15. Rac1 Bxf3 16. Bxf3 c5 17. dxc5 Bxc5 18. Bxc5 1/2-1/2

[Event "FIDE WSTC Open 50 2025"]
[Site "Prague"]
[Date "2025.02.21"]
[Round "5.37"]
[White "Belakovskaia, Anjelina"]
[Black "Bryson, Douglas M"]
[Result "1/2-1/2"]
[Annotator "RC"]
[ECO "A00"]
[WhiteElo "2166"]
[BlackElo "2295"]
[PlyCount "49"]
[EventDate "2025.02.17"]
[EventType "team-tourn"]
[EventCountry "CZE"]
[SourceTitle "playchess.com"]
[Source "ChessBase"]
[SourceQuality "1"]
[TimeControl "40/5400+30:1800+30"]

1. b4 e5 2. a3 d5 3. Bb2 Bd6 4. e3 Nf6 5. c4 c6 6. Qc2 O-O 7. d3 Re8 8. Nd2 d4 9. e4 a5 10. c5 Bc7 11. f4 Ng4 12. fxe5 Ne3 13. Qb1 Bg4 14. Ngf3 Bxf3 15. Nxf3 Bxe5 16. Kf2 Ng4+ 17. Kg1 Bf4 18. Bc1 Be3+ 19. Bxe3 dxe3 20. h3 Nf2 21. Rh2 axb4 22. axb4 Rxa1 23. Qxa1 Nxd3 24. Qc3 Ne5 25. Qxe3 1/2-1/2

[Event "FIDE WSTC Open 50 2025"]
[Site "Prague"]
[Date "2025.02.21"]
[Round "5.38"]
[White "Burnett, Andrew"]
[Black "Tsodikova, Natalia"]
[Result "1/2-1/2"]
[Annotator "ChessBase"]
[ECO "E73"]
[WhiteElo "2147"]
[BlackElo "2051"]
[PlyCount "79"]
[EventDate "2025.02.17"]
[EventType "team-tourn"]
[EventCountry "CZE"]
[SourceTitle "playchess.com"]
[Source "ChessBase"]
[SourceQuality "1"]
[TimeControl "40/5400+30:1800+30"]

1. d4 Nf6 2. c4 g6 3. Nc3 Bg7 4. e4 d6 5. Be2 O-O 6. Be3 c5 7. d5 e6 8. Nf3 exd5 9. cxd5 Bg4 10. Nd2 Bxe2 11. Qxe2 Re8 12. O-O Nbd7 13. h3 a6 14. a4 Rb8 15. a5 Qc7 16. Kh1 Rbc8 17. f4 Re7 18. Qf3 Ne8 19. Nc4 b5 20. axb6 Nxb6 21. Nd2 Qb7 22. Qe2 Nc7 23. Bxc5 dxc5 24. d6 Rd7 25. dxc7 Rcxc7 26. e5 Rd4 27. Nde4 Nc4 28. b3 Nb6 29. Qxa6 Bf8 30. Nf6+ Kh8 31. Nb5 Rd2 32. Rg1 Qxa6 33. Rxa6 Rb7 34. Rc1 Rd3 35. Ne8 Nc8 36. Nec7 Rd7 37. b4 Rdxc7 38. Nxc7 Rxc7 39. bxc5 Kg7 40. g4 1/2-1/2

[Event "FIDE WSTC Open 50 2025"]
[Site "Prague"]
[Date "2025.02.21"]
[Round "5.40"]
[White "Minnican, Alan"]
[Black "Root, Alexey"]
[Result "1-0"]
[Annotator "NA"]
[ECO "A01"]
[WhiteElo "2039"]
[BlackElo "1888"]
[PlyCount "93"]
[EventDate "2025.02.17"]
[EventType "team-tourn"]
[EventCountry "CZE"]
[SourceTitle "playchess.com"]
[Source "ChessBase"]
[SourceQuality "1"]
[TimeControl "40/5400+30:1800+30"]

1. b3 g6 2. Bb2 Nf6 3. Nf3 Bg7 4. g3 O-O 5. c4 d6 6. Bg2 e5 7. O-O c5 8. Nc3 Nc6 9. e3 Nh5 10. Ne1 f5 11. f4 Nf6 12. Nc2 Nb4 13. Nxb4 cxb4 14. Nd5 Nxd5 15. Bxd5+ Kh8 16. a3 bxa3 17. Rxa3 exf4 18. Bxg7+ Kxg7 19. Qa1+ Qf6 20. Qxf6+ Kxf6 21. gxf4 a6 22. Ra4 Rb8 23. Rb4 b6 24. Ra1 g5 25. fxg5+ Kxg5 26. Kf2 f4 27. e4 Kh4 28. d4 Rf6 29. e5 dxe5 30. dxe5 Rf5 31. e6 Re5 32. Re1 Rxe1 33. Kxe1 a5 34. Rb5 Ba6 35. Bc6 Bxb5 36. cxb5 Kh3 37. e7 Kxh2 38. Kf2 h5 39. e8=Q Rxe8 40. Bxe8 h4 41. Kf3 Kg1 42. Kxf4 Kf2 43. Ke5 Ke3 44. Bc6 Kd3 45. Bd5 Kc3 46. Kd6 Kb4 47. Kc6 1-0

[Event "FIDE WSTC Open 50 2025"]
[Site "Prague"]
[Date "2025.02.23"]
[Round "6.1"]
[White "David, Alberto"]
[Black "Ftacnik, Lubomir"]
[Result "1/2-1/2"]
[Annotator "TA"]
[ECO "D72"]
[WhiteElo "2467"]
[BlackElo "2438"]
[PlyCount "105"]
[EventDate "2025.02.17"]
[EventType "team-tourn"]
[EventCountry "CZE"]
[SourceTitle "playchess.com"]
[Source "ChessBase"]
[SourceQuality "1"]
[TimeControl "40/5400+30:1800+30"]

1. d4 Nf6 2. c4 g6 3. g3 Bg7 4. Bg2 d5 5. cxd5 Nxd5 6. e4 Nb6 7. Ne2 c5 8. d5 e6 9. O-O O-O 10. Nec3 Na6 11. a4 exd5 12. exd5 Bf5 13. g4 {[%emt 0:02:57] D72: Fianchetto Grünfeld: 5 cxd5 Nxd5 6 e4 Nb6 (without Nf3).} Bd7 14. Nd2 Nb4 (14... Qh4 $14) 15. a5 $16 Nc8 16. Nde4 {[%emt 0:00:09] Repels Nd6} c4 17. Bg5 f6 18. Be3 $146 (18. Bh4 Nd3 19. b3 Nf4 20. bxc4 Nxg2 21. Kxg2 Qc7 22. Qd4 Bxg4 23. f3 Bf5 24. Bxf6 Rxf6 25. Nxf6+ {1-0 Jarmula,L (2445)-Licznerski,L (2360) Gora Sw Anny op 13th 2020 (2)}) 18... Nd3 19. Nc5 $1 Nd6 20. Nxd3 cxd3 21. Bf4 Nf7 22. Qxd3 Bxg4 23. Qg3 (23. d6 $16) 23... Qd7 24. Ne4 $36 {[%emt 0:05:58][%mdl 2048] Black is under strong pressure.} Rac8 25. Be3 b6 {[%emt 0:02:31] Wards off Nc5} 26. axb6 axb6 27. Bd4 (27. Bxb6 {with more complications.} Bf5 28. Ra7 Qb5 29. Bd4) 27... Nh6 (27... f5 $14 28. Nf6+ (28. Bxb6 $2 fxe4 29. Qe3 Rfe8 $19) 28... Bxf6 29. Bxf6 Nd6) 28. Bxb6 $18 Be2 (28... Qb5 $142) 29. Rfe1 $1 Nf5 30. Qa3 Bc4 31. Nc5 (31. d6 $18 {and White stays clearly on top.}) 31... Qb5 $16 32. Qa5 Qxb2 (32... Qxa5 $16 33. Rxa5 Rfe8) 33. Rab1 Qa2 34. Qxa2 Bxa2 35. Rb2 (35. Rbd1 $1 $18) 35... Bc4 $14 36. Rb4 Nd6 37. h4 f5 {[%emt 0:02:29] Threatens to win with ...Bc3.} 38. Re6 Rfe8 39. Bf3 (39. Rxd6 Re1+ 40. Kh2 Be5+ 41. Kh3 Bxd6 42. Rxc4 Rb1 $17) 39... Bf8 (39... Bc3 $11 40. Rb1 Rxe6 41. dxe6 Kg7) 40. Kg2 Ba2 {[%emt 0:01:24] [#]} (40... Rxe6 $1 $11 {remains equal.} 41. Nxe6 Ne4 42. Nxf8 Kxf8) 41. Ra4 $1 $16 Bb1 42. Nd7 {[%emt 0:06:39] White has more active pieces.} Rxe6 43. dxe6 Ne4 {[%emt 0:00:20] Against Bc5} (43... Bg7 $14) 44. Ra7 Be7 $2 (44... Bg7 $16 {was necessary.}) 45. Bd4 $18 Re8 46. Bd1 {[%emt 0:02:27] Repels Bc2} Bd3 47. Ba4 {[%emt 0:01:55] Wards off Bb5} Nd6 48. Nb6 $2 (48. Bc5 $18 {and Bxd6 would now be decisive} Ne4 49. Bxe7 Rxe7 50. Nf6+ Nxf6 51. Rxe7 Be4+ 52. Kg1) 48... Nb5 $14 49. Ra5 Nxd4 50. Bxe8 Nxe6 {[%emt 0:00:10] [#]} ({Black should try} 50... Be4+ $14 51. Kg1 Bd8) 51. Re5 $1 $16 {[%emt 0:00:44] White is better.} Nf4+ 52. Kf3 Bd8 53. Kxf4 {Weighted Error Value: White=0.24 (precise) /Black=0.30  Loses game:     	---       	Black=1      Missed win:     	White=1     	---        Mistake:       	White=4     	Black=8      Inaccurate:     	White=2     	Black=2      OK:         	White=15    	Black=12     Best:        	White=3     	Black=4      Strong:       	White=4     	---} ({Better is} 53. Nd7 $16 Nh5 54. Nc5) 1/2-1/2

[Event "FIDE WSTC Open 50 2025"]
[Site "Prague"]
[Date "2025.02.23"]
[Round "6.2"]
[White "Mrva, Martin"]
[Black "Godena, Michele"]
[Result "1/2-1/2"]
[Annotator "TA"]
[ECO "C70"]
[WhiteElo "2394"]
[BlackElo "2439"]
[PlyCount "46"]
[EventDate "2025.02.17"]
[EventType "team-tourn"]
[EventCountry "CZE"]
[SourceTitle "playchess.com"]
[Source "ChessBase"]
[SourceQuality "1"]
[TimeControl "40/5400+30:1800+30"]

1. e4 e5 2. Nf3 Nc6 3. Bb5 a6 4. Ba4 Bc5 5. O-O Qf6 6. d3 {[%emt 0:26:48] C70: Ruy Lopez: 3...a6 4 Ba4, Norwegian and Delayed Schliemann.} b5 7. Bb3 Nge7 8. Nc3 {[%emt 0:11:29] White is slightly better.} d6 9. Nd5 Nxd5 10. Bxd5 Bb7 11. c3 $146 (11. Be3 Rb8 12. Bxc6+ Bxc6 13. Qd2 Bb6 14. h3 h6 15. Nh2 g5 16. c3 Qg6 17. Bxb6 Rxb6 {½-½ Garcia Ruano,J (1934)-Sanchez Lopez,D (1978) Almansa op-B 4th 2009 (9)}) 11... Rb8 12. a4 O-O 13. axb5 axb5 14. Qb3 b4 15. Qc4 {[%emt 0:03:07] White is more active.} (15. Bg5 $14 Qg6 16. Kh1) 15... bxc3 16. bxc3 Nd8 {[%emt 0:00:44] Threatens to win with ...c6.} 17. Bxb7 Rxb7 18. Bg5 Qe6 19. Qd5 c6 20. Qa2 Qxa2 21. Rxa2 Ne6 22. Bd2 Rfb8 23. g3 Kf8 {[%emt 0:02:15] Weighted Error Value: White=0.19 (very precise) /Black=0.17 (very precise)   Mistake:       	White=1     	---        Inaccurate:     	White=3     	Black=5      OK:         	White=3     	Black=4} 1/2-1/2

[Event "FIDE WSTC Open 50 2025"]
[Site "Prague"]
[Date "2025.02.23"]
[Round "6.3"]
[White "Bellini, Fabio"]
[Black "Stohl, Igor"]
[Result "1/2-1/2"]
[Annotator "TA"]
[ECO "C42"]
[WhiteElo "2408"]
[BlackElo "2409"]
[PlyCount "80"]
[EventDate "2025.02.17"]
[EventType "team-tourn"]
[EventCountry "CZE"]
[SourceTitle "playchess.com"]
[Source "ChessBase"]
[SourceQuality "1"]
[TimeControl "40/5400+30:1800+30"]

1. e4 e5 2. Nf3 Nf6 3. Nxe5 d6 4. Nd3 Nxe4 5. Qe2 Qe7 $1 6. Nf4 {[%emt 0:00:19] C42: Petroff Defence: 3 Nxe5 and unusual White 3rd moves.} Nf6 {[%emt 0:05:54] Against Nd5} 7. d4 (7. Nc3 {feels hotter.} Nc6 8. Ncd5 Nd4 9. Nxe7 Nxe2 10. Ned5) 7... Qxe2+ 8. Bxe2 {[%emt 0:01:27] The position is equal.} Bf5 9. c3 Be7 10. f3 $146 ({Predecessor:} 10. O-O O-O 11. f3 Re8 12. g4 Bc8 13. Bd3 c6 14. Na3 d5 15. Nc2 h6 16. Bd2 {½-½ Pichot,A (2579)-Delgado Ramirez,N (2605) American Continental 15th 2019 (9)}) 10... h5 11. h4 Nbd7 12. Kf2 Nf8 13. Nd2 Ne6 14. Nf1 Nxf4 15. Bxf4 Nd5 16. Bd2 c6 17. Ng3 Be6 18. c4 Nc7 19. Bf4 O-O-O 20. Bg5 {[%emt 0:07:10] [#]} (20. Bd3 $11 {remains equal.}) 20... Bxg5 $1 $17 21. hxg5 h4 22. Ne4 d5 23. cxd5 Bxd5 24. Nc5 b6 25. Nd3 Ne6 26. Nb4 Nxd4 27. Nxd5 Rxd5 28. Bc4 Rxg5 29. Bxf7 {[%emt 0:00:49] [#]} h3 $1 30. Rxh3 Rxh3 31. gxh3 {[%emt 0:00:01][%mdl 4096] Endgame KRB-KRN} Rf5 32. Bg8 Rxf3+ 33. Kg2 Rf8 34. Bh7 Re8 35. Rf1 Re2+ 36. Kg3 Kd7 37. Rf7+ Re7 38. Rf8 (38. Rxe7+ $142 Kxe7 39. Bg6) 38... Re8 (38... c5 $17 {Threatening ...a5.} 39. Rf2 Kd6) 39. Rf7+ $1 $11 Re7 (39... Kd6 $11) 40. Rf8 $1 $17 Re8 {[%emt 0:02:50] Weighted Error Value: White=0.11 (very precise) /Black=0.13 (very precise)   Mistake:       	White=2     	Black=3      Inaccurate:     	White=1     	---        OK:         	White=10    	Black=15     Best:        	White=2     	Black=1      Strong:       	White=2     	Black=1} ({Black should play} 40... c5 $17 41. Ra8 a5 42. Ra7+ Kd6 43. Rxe7 Kxe7) 1/2-1/2

[Event "FIDE WSTC Open 50 2025"]
[Site "Prague"]
[Date "2025.02.23"]
[Round "6.4"]
[White "Lipka, Juraj"]
[Black "D'Amore, Carlo"]
[Result "1/2-1/2"]
[Annotator "TA"]
[ECO "D02"]
[WhiteElo "2348"]
[BlackElo "2362"]
[PlyCount "33"]
[EventDate "2025.02.17"]
[EventType "team-tourn"]
[EventCountry "CZE"]
[SourceTitle "playchess.com"]
[Source "ChessBase"]
[SourceQuality "1"]
[TimeControl "40/5400+30:1800+30"]

1. d4 d5 2. Nf3 Nf6 3. c3 e6 4. Bf4 Bd6 5. e3 O-O 6. Nbd2 c5 7. Bg3 Nc6 8. Bd3 Qe7 9. Ne5 Bxe5 10. dxe5 {[%emt 0:01:47] D02: 1 d4 d5 2 Nf3 sidelines, including 2...Nf6 3 g3 and 2...Nf6 3 Bf4.} Nd7 11. Nf3 f6 12. exf6 {[%emt 0:00:35] White is slightly better.} Nxf6 13. c4 Bd7 14. O-O Be8 15. Ne5 $146 ({Predecessor:} 15. Ng5 Rd8 16. cxd5 Rxd5 17. Nh3 c4 18. Nf4 Rd8 {0-1 Pozanco Romasanta,M (2111)-Van der Lende,I (2332) Barcelona Sants op 17th 2015 (9)}) 15... Rd8 {[%emt 0:03:32] [#] ...Nxe5 would now be deadly.} 16. Qe2 Nb4 17. Bb1 {[%emt 0:15:46] Weighted Error Value: White=0.09 (flawless) /Black=0.05 (flawless)   OK:         	White=3     	Black=4} 1/2-1/2

[Event "FIDE WSTC Open 50 2025"]
[Site "Prague"]
[Date "2025.02.23"]
[Round "6.5"]
[White "Kazhgaleyev, Murtas"]
[Black "Ehlvest, Jaan"]
[Result "1/2-1/2"]
[Annotator "TA"]
[ECO "D28"]
[WhiteElo "2495"]
[BlackElo "2531"]
[PlyCount "43"]
[EventDate "2025.02.17"]
[EventType "team-tourn"]
[EventCountry "CZE"]
[SourceTitle "playchess.com"]
[Source "ChessBase"]
[SourceQuality "1"]
[TimeControl "40/5400+30:1800+30"]

1. d4 d5 2. c4 dxc4 3. Nf3 a6 4. e3 e6 5. Bxc4 c5 6. O-O Nf6 7. Qe2 b5 8. Bd3 cxd4 {[%emt 0:01:07] D28: Queen's Gambit Accepted: Classical main line: 7 Qe2 with early ...Nc6.} 9. a4 bxa4 10. Rxa4 (10. Rd1 $142) 10... Bb7 ({Black should try} 10... dxe3 $11 11. Bxe3 Bd7) 11. Rxd4 Nbd7 12. Rd1 Bc5 13. Ra4 Qc8 $146 ({Predecessor:} 13... O-O 14. Nc3 Qc8 15. h3 Bxf3 16. gxf3 a5 17. Ne4 Bb4 18. Bd2 Bxd2 19. Qxd2 Qc7 20. f4 {½-½ Goncharenko,G (2490)-Morrow,W (2524) SLO MT-Preinfalk email 2017}) 14. Nbd2 O-O 15. Nb3 Qb8 {[%emt 0:02:39] [#] ...Bxf3 is the strong threat.} 16. Bc2 Rc8 17. e4 Bc6 18. Ra1 (18. Nxc5 $11 {was preferable.} Nxc5 19. Ra3) 18... Bb5 $15 {[%emt 0:01:53] Black is slightly better.} 19. Bd3 Bxd3 20. Rxd3 Bf8 21. h3 h6 22. Re3 {[%emt 0:08:36] Weighted Error Value: White=0.16 (very precise) /Black=0.15 (very precise)   Mistake:       	White=3     	Black=1      Inaccurate:     	White=3     	Black=2      OK:         	White=3     	Black=6} (22. Bd2 $15) 1/2-1/2